 Dungeon Crawl Stone Soup version 0.18-a0-1293-g5a2c81a (webtiles) character file.

109 Duffy the Twirler (level 5, -27/38 HPs)
             Began as a Formicid Gladiator on Feb 10, 2016.
             Annihilated by a hill giant
             ... wielding a +0 giant spiked club
              (32 damage)
             ... on level 11 of the Dungeon.
             The game lasted 00:02:18 (1625 turns).

Duffy the Twirler (Formicid Gladiator)              Turns: 1625, Time: 00:02:18

Health: -27/38     AC:  7    Str: 20    XL:     5   Next: 13%
Magic:  5/5        EV: 10    Int:  7    God:
Gold:   87         SH:  0    Dex: 12    Spells: 0 memorised, 4 levels left

rFire  . . .     SeeInvis +     a - +0 quarterstaff
rCold  . . .     Gourm    .     h - +0 scale mail
rNeg   . . .     Faith    .     (no shield)
rPois  .         Spirit   .     (helmet unavailable)
rElec  .         Dismiss  .     (no cloak)
rCorr  .         Reflect  .     (no gloves)
SustAt .         Harm     .     l - +0 pair of boots
MR     .....                    (no amulet)
Stlth  ..........               (no ring)
                                (no ring)

@: not resistant to hostile enchantments, extremely unstealthy
A: permanent stasis, dig shafts and tunnels, four strong arms, antennae 3
a: Dig, Shaft Self


You were on level 11 of the Dungeon.
You were hungry.

You visited 1 branch of the dungeon, and saw 8 of its levels.

You collected 87 gold pieces.


Innate Abilities, Weirdness & Mutations

You are under a permanent stasis effect.
You can dig through walls and to a lower floor.
Your four strong arms can wield two-handed weapons with a shield.
You have a pair of large antennae on your head (SInv).


   Skills:
 - Level 2.1 Fighting
 + Level 5.4 Staves
 - Level 2.0 Throwing
 - Level 2.6 Dodging


You had 4 spell levels left.
You didn't know any spells.

Inventory:

Hand Weapons
 a - a +0 quarterstaff (weapon)
Missiles
 c - 4 throwing nets (quivered)
 p - 3 javelins
Armour
 b - a +0 leather armour
 h - a +0 scale mail (worn)
 l - a +0 pair of boots (worn)
Scrolls
 e - a scroll of remove curse {unknown}
 g - a scroll of random uselessness {unknown}
 j - a scroll of identify {unknown}
 k - a scroll of noise {unknown}
Potions
 f - a potion of lignification {unknown}
 m - 3 potions of haste {unknown}
 n - a potion of curing {unknown}
Comestibles
 d - a bread ration
 i - a meat ration

Dungeon Overview and Level Annotations

Branches:
Dungeon (12/15)
 Temple: D:4-7         Lair: D:8-11         Orc: D:9-12

Altars:
Ashenzari
Cheibriados
Fedhas
Okawaru
Qazlal
Vehumet
Zin


Message History

There is an open door here.
You start resting.
Eating one of 2 chunks of flesh.
This raw flesh tastes terrible.
You continue eating. x2
You are feeling hungry.
You start resting.
Eating a chunk of flesh.
This raw flesh tastes terrible.
You continue eating. x2
HP restored.
There is an open door here.
You extend your mandibles.
You dig through the rock wall.
A deep elf mage and a hill giant come into view.
The hill giant shouts!
You retract your mandibles.
There is an open door here.
There is a stone staircase leading up here.
The hill giant hits you with a giant spiked club!!
Ouch! That really hurt!
You climb upwards.
Found a scroll labeled FIWKAX VICUNKY.
Found an escape hatch in the ceiling.
There is a stone staircase leading down here.
Throwing (i - inventory. (,) - cycle):
c - 5 throwing nets (quivered)
Press: ? - help, Shift-Dir - straight line, f - hill giant
Aim: a hill giant, wielding a giant spiked club (immune to nets)
You throw a throwing net. The throwing net hits the hill giant.
The hill giant is too large for the net to hold!
Quiver which item? (- for none, * to show all) (? for menu, Esc to quit)
Okay, then.
The hill giant closely misses you.
Are you sure you want to shaft yourself?
You are feeling hungry.
You begin to dig a shaft.
You continue digging a shaft.
The hill giant hits you with a giant spiked club!!
Ouch! That really hurt!
You die...

..# .?#
#####..#####
#...........
#...........
#...........
#.........#
#.@C><....#
#.........#
#.........#
#.........#
#.........#
#.........#
#.........#
#..........


You could see a hill giant.

Action                   |  1- 3 |  4- 6 || total
-------------------------+-------+-------++-------
Melee: Quarterstaff      |   100 |       ||   100
Throw: Throwing net      |       |     1 ||     1
 Abil: Shaft Self        |     3 |     1 ||     4
       Dig               |       |     1 ||     1
  Eat: Chunk             |     1 |     2 ||     3

Notes
Turn   | Place    | Note
--------------------------------------------------------------
     0 | D:1      | Duffy the Formicid Gladiator began the quest for the Orb.
     0 | D:1      | Reached XP level 1. HP: 16/16 MP: 1/1
   407 | D:1      | Reached XP level 2. HP: 20/22 MP: 2/2
   576 | D:1      | Reached skill level 4 in Staves
   576 | D:1      | Reached XP level 3. HP: 27/27 MP: 3/3
  1107 | D:2      | Found a radiant altar of Vehumet.
  1107 | D:2      | Found a shattered altar of Ashenzari.
  1107 | D:2      | Found a blossoming altar of Fedhas.
  1111 | D:2      | Found a snail-covered altar of Cheibriados.
  1111 | D:2      | Found an iron altar of Okawaru.
  1112 | D:2      | Found a glowing silver altar of Zin.
  1275 | D:2      | Found a stormy altar of Qazlal.
  1309 | D:4      | You fall through a shaft for 2 floors!
  1312 | D:6      | You fall through a shaft for 3 floors!
  1312 | D:9      | Noticed a giant frog
  1315 | D:9      | You fall through a shaft for 2 floors!
  1315 | D:11     | Noticed a shadow
  1315 | D:11     | Noticed a sky beast
  1318 | D:11     | You fall through a shaft!
  1331 | D:12     | Noticed a giant frog
  1343 | D:12     | Killed a giant frog
  1343 | D:12     | Reached skill level 5 in Staves
  1343 | D:12     | Reached XP level 4. HP: 6/33 MP: 4/4
  1343 | D:12     | Reached XP level 5. HP: 6/38 MP: 5/5
  1607 | D:12     | Noticed a hill giant
  1607 | D:12     | Noticed a deep elf mage
  1625 | D:11     | Annihilated by a hill giant

Vault maps used:
D:1:      dpeg_arrival_chambers_temple_mockup, patterned_corridor
D:2:      nicolae_qazlal_general_emergency, grunt_temple_overflow_open,
          serial_co_window_serial, co_window_of_opportunity_a,
          co_window_corner_a, co_window_paths_b, co_window_paths_b,
          co_window_corner_a, co_window_corner_a, co_window_paths_a,
          co_window_paths_a, co_window_corner_a, co_window_broadway_a,
          co_window_unsneaky_path_a, co_window_of_opportunity_b,
          glass_columns_a, glass_columns_b, glass_columns_a, st_stairs_10
D:3:      first_bread, ecumenical_altar_1
D:4:      minmay_temple_entry_from_below_b, serial_curves, eino_curves_04,
          eino_curves_04, minivault_24, uniq_natasha
D:6:      grunt_pakellas_basics
D:9:      makhleb_heckhound_becter, serial_shops, kennysheep_mini_moat
D:11:     minmay_lair_entry_grove

Vanquished Creatures
  A giant frog
  An adder
  An ooze
  A giant gecko
  2 bats
  6 giant cockroaches
  2 goblins
  5 hobgoblins
  2 giant newts
  5 kobolds
  2 rats
28 creatures vanquished.
